AoeStats
← Kwisatz Haderach

Yucatan

510715770Analyzed
3v3 RM · 21h ago on Oct 2, 2026· 52m 48s· 6 players
Game mode
Random Map
Map size
Normal (6 player)
Population
200
Speed
Normal
Resources
Standard
Victory
Conquest
Starting age
Dark Age
Ending age
Imperial Age
RankedLock teamsTeams togetherTeam positionsShared explorationLock speedFull tech treeHidden civsTurbo modeCheats
Victory
Defeat
🇦🇺 Varangians · Australia
1448
+10
🇦🇺 Danes · Australia
1198
+20
🇦🇺 Vietnamese · Australia
1196
+20
🇳🇿 Saracens · New Zealand
1415
-21
🇦🇺 Danes · Australia
1333
-18
🇯🇵 Turks · Japan
1144
-11
Kwisatz Haderach
7:20 Loom
9:38 Feudal Age
10:55 Double-Bit Axe
13:11 Bloodlines
19:50 Castle Age
18:10 Forging
18:24 Horse Collar
19:24 Scale Barding Armor
21:25 Scale Mail Armor
29:23 Bow Saw
30:47 Iron Casting
36:32 Imperial Age
34:20 Heavy Plow
35:58 Wheelbarrow
36:23 Chain Barding Armor
37:04 Chain Mail Armor
37:13 Elite Varangian Guard
40:44 Hand Cart
39:57 Elite Jarl
41:10 Conscription
42:40 Blast Furnace
42:38 Plate Barding Armor
42:38 Town Watch
42:49 Gambesons
42:54 Gothikon
44:19 Gold Mining
44:21 Stone Mining
48:59 Plate Mail Armor
49:29 Squires
49:21 Fletching
SkibidiBanditSlayer
8:39 Loom
10:24 Feudal Age
18:10 Castle Age
18:49 Double-Bit Axe
18:47 Horse Collar
19:11 Town Watch
20:02 Wheelbarrow
20:42 Bow Saw
23:18 Heavy Plow
23:46 Scale Mail Armor
23:56 Forging
24:14 Squires
28:55 Chain Mail Armor
29:16 Iron Casting
29:08 Arson
29:34 Hamask
30:37 Gambesons
33:32 Fletching
37:28 Imperial Age
38:51 Hand Cart
38:37 Town Patrol
38:54 Elite Varangian Guard
39:40 Onager
43:35 Conscription
43:34 Elite Skirmisher
45:25 Siege Onager
45:37 Imperial Skirmisher
46:33 Thumb Ring
46:30 Padded Archer Armor
46:26 Bodkin Arrow
47:01 Plate Mail Armor
47:32 Blast Furnace
47:30 Leather Archer Armor
51:24 Northmen's Fury
LavishlyMoist
5:09 Loom
11:42 Feudal Age
12:25 Double-Bit Axe
12:24 Horse Collar
17:24 Castle Age
15:54 Fletching
16:42 Gold Mining
18:17 Heavy Plow
21:31 Ballistics
24:19 Crossbowman
26:03 Padded Archer Armor
28:31 Wheelbarrow
28:53 Bow Saw
32:27 Hand Cart
32:09 Bodkin Arrow
32:25 Forging
32:17 Scale Mail Armor
37:01 Imperial Age
34:20 Town Watch
35:25 Thumb Ring
34:42 Elite Skirmisher
35:29 Squires
38:15 Crop Rotation
38:47 Two-Man Saw
37:10 Arbalester
38:14 Paper Money
39:18 Chemistry
38:24 Siege Engineers
38:45 Bracer
39:24 Elite Rattan Archer
41:49 Imperial Skirmisher
43:17 Leather Archer Armor
43:38 Iron Casting
43:19 Chain Mail Armor
46:51 Ring Archer Armor
46:47 Masonry
47:14 Town Patrol
Port Moresby
11:16 Feudal Age
13:02 Wheelbarrow
15:43 Castle Age
13:31 Double-Bit Axe
14:27 Horse Collar
18:45 Bow Saw
20:05 Loom
20:40 Town Watch
25:37 Hand Cart
34:28 Imperial Age
31:55 Gold Mining
32:34 Fletching
33:02 Heavy Plow
33:44 Gold Shaft Mining
34:04 Padded Archer Armor
34:53 Bodkin Arrow
37:25 Bracer
37:32 Elite Janissary
39:14 Artillery
39:16 Stone Mining
39:38 Treadmill Crane
40:20 Bombard Tower
42:27 Conscription
48:22 Leather Archer Armor
51:05 Hoardings
Tsubodai
5:04 Loom
9:47 Feudal Age
15:34 Castle Age
18:50 Double-Bit Axe
24:14 Town Watch
25:49 Scale Mail Armor
26:46 Wheelbarrow
27:51 Horse Collar
28:29 Bow Saw
29:34 Chain Mail Armor
33:27 Fletching
37:39 Wheelbarrow
38:16 Bodkin Arrow
38:50 Masonry
39:00 Padded Archer Armor
39:18 Bloodlines
39:19 Husbandry
39:29 Gold Mining
41:26 Hand Cart
41:31 Leather Archer Armor
41:40 Ballistics
42:55 Thumb Ring
47:26 Imperial Age
Skilgannon
8:42 Loom
11:08 Feudal Age
11:37 Double-Bit Axe
15:10 Castle Age
20:04 Horse Collar
20:43 Bow Saw
22:23 Wheelbarrow
25:15 Heavy Plow
27:55 Town Watch
28:51 Gold Mining
29:51 Forging
29:59 Hand Cart
30:05 Scale Barding Armor
31:01 Fortified Wall
32:05 Masonry
34:48 Imperial Age
33:14 Murder Holes
33:13 Fletching
34:34 Ballistics
34:37 Chain Barding Armor
34:13 Bodkin Arrow
34:29 Town Patrol
35:42 Iron Casting
36:16 Gold Shaft Mining
35:33 Stone Mining
36:06 Conscription
36:02 Elite Mameluke
38:04 Plate Barding Armor
39:49 Blast Furnace
38:49 Bracer
40:06 Chemistry
39:25 Capped Ram
40:37 Siege Ram
41:39 Bimaristan
42:09 Hoardings
41:48 Counterweights
42:54 Herbal Medicine
42:56 Onager
45:17 Siege Onager
50:03 Husbandry
50:13 Bloodlines
Connection lost

Rejoining the realm…

Still unreachable

The connection could not be restored.

Session expired

The server has moved on; the page needs a fresh start.